 Dungeon Crawl Stone Soup version 0.15.2 (webtiles) character file.

1293 Huymann the Magician (level 8, -2/51 HPs)
             Began as a High Elf Wizard on Feb 18, 2015.
             Was a Believer of Vehumet.
             Killed by divine providence
             ... invoked by an orc priest
              (11 damage)
             ... on Level 7 of the Dungeon.
             The game lasted 00:46:20 (6692 turns).

Huymann the Magician (High Elf Wizard)              Turns: 6692, Time: 00:46:20

HP  -2/51        AC  6     Str  8      XL: 8   Next: 30%
MP   4/24        EV 13     Int 23      God: Vehumet [**....]
Gold 158         SH  0     Dex 13      Spells:  7 memorised,  4 levels left

rFire  . . .     SeeInvis .     k - +5 quarterstaff (chaos)
rCold  . . .     Clarity  .     a - +0 robe
rNeg   . . .     rCorr    .     (no shield)
rPois  .         rRot     .     r - +2 hat
rElec  .         Spirit   .     n - +1 cloak
SustAb .         Warding  .     (no gloves)
rMut   .         Stasis   .     (no boots)
Gourm  .                        (no amulet)
MR     .....                    (no ring)
                                f - ring of invisibility

@: very slightly contaminated, not resistant to hostile enchantments, fairly
stealthy
A: no striking features
a: Renounce Religion, Evoke Invisibility


You were on level 7 of the Dungeon.
You worshipped Vehumet.
Vehumet was pleased with you.
You were very hungry.

You visited 2 branches of the dungeon, and saw 8 of its levels.

You collected 242 gold pieces.
You spent 84 gold pieces at shops.

Inventory:

Hand weapons
 e - a +0 dagger
 k - a +5 quarterstaff of chaos (weapon)
Armour
 a - a +0 robe (worn)
 b - a +0 hat
 n - a +1 cloak (worn)
 r - a +2 hat (worn)
 u - a +0 buckler
Magical devices
 s - a wand of random effects (19)
Comestibles
 d - 7 bread rations
 i - 5 meat rations
 j - a royal jelly
Scrolls
 h - 4 scrolls of remove curse
 p - 2 scrolls of enchant armour
 y - 2 scrolls of teleportation
 A - a scroll of identify
Jewellery
 f - a ring of invisibility (left hand)
 z - an uncursed ring of magical power {unknown}
Potions
 g - 2 potions of poison {unknown}
 m - a potion of curing {unknown}
 t - a potion of mutation {unknown}
 v - 2 potions of might {unknown}
 w - a potion of restore abilities {unknown}
 C - 3 potions of cancellation {unknown}
Books
 c - a book of Minor Magic

   Spells                             Type                      Level
   *Magic Dart                        Conjuration                  1
   *Blink                             Translocation                2
   *Call Imp                          Summoning                    2
   Repel Missiles                     Charms/Air                   2
   Slow                               Hexes                        2
   *Conjure Flame                     Conjuration/Fire             3
   *Mephitic Cloud                    Conjuration/Poison/Air       3
 o - a book of Debilitation

   Spells                             Type                      Level
   Corona                             Hexes                        1
   Slow                               Hexes                        2
   *Inner Flame                       Hexes/Fire                   3
   Enslavement                        Hexes                        4
   Cause Fear                         Hexes                        4
   Leda's Liquefaction                Hexes/Earth                  4
 q - a book of Clouds

   Spells                             Type                      Level
   *Mephitic Cloud                    Conjuration/Poison/Air       3
   *Conjure Flame                     Conjuration/Fire             3
   Poisonous Cloud                    Conjuration/Poison/Air       6
   Freezing Cloud                     Conjuration/Ice/Air          6
   Ring of Flames                     Charms/Fire                  7


   Skills:
 * Level 2.8 Fighting
 * Level 3.6 Short Blades
 * Level 3.0 Staves
 + Level 0.7 Throwing
 + Level 3.5 Dodging
 * Level 4.4 Stealth
 * Level 2.0 Shields
 * Level 6.4 Spellcasting
 * Level 3.6 Conjurations
 + Level 0.2 Hexes
 + Level 1.5 Summonings
 + Level 1.7 Translocations
 + Level 0.4 Fire Magic
 + Level 0.8 Air Magic
 * Level 1.6 Evocations


You had 4 spell levels left.
You knew the following spells:

 Your Spells              Type           Power        Failure   Level  Hunger
a - Magic Dart            Conj           ###.         1%          1    None
b - Blink                 Tloc           N/A          10%         2    None
c - Call Imp              Summ           ##......     10%         2    None
d - Mephitic Cloud        Conj/Pois/Air  ##......     14%         3    #......
e - Conjure Flame         Conj/Fire      ###.....     12%         3    #......
f - Inner Flame           Hex/Fire       #.......     24%         3    #......
g - Sting                 Conj/Pois      ###.         4%          1    None


Dungeon Overview and Level Annotations

Branches:
Dungeon (7/15)             Temple (1/1) D:4

Altars:
Ashenzari
Cheibriados
Dithmenos
Elyvilon
Fedhas
Kikubaaqudgha
Makhleb
Nemelex Xobeh
Okawaru
Qazlal
Sif Muna
Trog
Vehumet
Xom
Yredelemnul
Zin
The Shining One

Shops:
D:4 [:**(

Annotations:
D:3 ghwc's ghost, average MiFi


Message History

Vehumet accepts your kill.
You feel your power returning.
There is a stone staircase leading up here.
Zapping:
s - a wand of random effects {recharged}
Press: ? - help, Shift-Dir - straight line, f - orc priest
Aim: an orc priest, wielding a hand axe and wearing a chain mail You hear a mighty clap of thunder!
The bolt of lightning hits the orc priest.
The orc priest is heavily wounded.
The orc priest invokes the aid of Beogh against you.
Something smites you!
* * * LOW HITPOINT WARNING * * *
Zapping:
s - a wand of random effects {zapped: 1}
Press: ? - help, Shift-Dir - straight line, f/p - orc priest
Aim: an orc priest, wielding a hand axe and wearing a chain mail (heavily wounded)
The puff of flame hits the orc priest.
The orc priest is severely wounded.
The orc priest invokes the aid of Beogh against you.
Something smites you!
You die...

## ##. ...
##.#### #####
#.....# #...#
#...#.###..<#
#####...o.....@.#
#.......#.####..#
#.###.....# #..#
###.### #..#
#§§.# #..#
#§........#
.....####.#
#..o... #.#
##.).#.# .


You could see an orc priest.

Vanquished Creatures
  A sky beast (D:5)
  An ice beast (D:5)
  2 phantoms (D:4)
  2 ogres
  Sigmund (D:7)
  A scorpion (D:6)
  A hippogriff zombie (D:5)
  2 orc priests
  A crimson imp (D:2)
  A jelly (D:6)
  A centaur zombie (D:5)
  4 orc wizards
  2 hounds (D:6)
  3 worker ants (D:4)
  An iguana (D:6)
  Ijyb (D:2)
  An ogre skeleton (D:4)
  3 adders
  An inept item mimic (D:5)
  2 worms
  An orc zombie (D:6)
  A giant gecko (D:6)
  An ooze (D:2)
  10 orcs
  A bat skeleton (D:6)
  4 giant cockroaches
  5 goblins
  10 hobgoblins
  2 quokkas
  A ball python (D:1)
  13 bats
  4 giant newts
  2 hobgoblin skeletons (D:5)
  11 kobolds
  4 orc skeletons
  A quokka zombie (D:6)
  13 rats
  A rat zombie (D:6)
  A butterfly (D:4)
118 creatures vanquished.

Vanquished Creatures (collateral kills)
  Crazy Yiuf (D:2)
  Terence (D:2)
  4 adders (D:2)
  A worm (D:2)
  2 kobolds (D:3)
  An ooze (D:2)
  5 bats (D:2)
  2 jackals (D:2)
  A fungus (D:6)
18 creatures vanquished.

Vanquished Creatures (others)
  A crimson imp (D:2)
  A shadow imp (D:2)
2 creatures vanquished.

Grand Total: 138 creatures vanquished

Notes
Turn   | Place    | Note
--------------------------------------------------------------
     0 | D:1      | Huymann, the High Elf Wizard, began the quest for the Orb.
     0 | D:1      | Reached XP level 1. HP: 11/11 MP: 5/5
   490 | D:1      | Reached skill level 4 in Spellcasting
   710 | D:1      | Reached XP level 2. HP: 13/17 MP: 8/8
  1438 | D:2      | Learned a level 2 spell: Blink
  1441 | D:2      | Learned a level 2 spell: Call Imp
  1456 | D:2      | Reached XP level 3. HP: 20/22 MP: 8/11
  2075 | D:2      | Noticed Terence
  2123 | D:2      | Killed Terence
  2250 | D:2      | Noticed Ijyb
  2271 | D:2      | Killed Ijyb
  2271 | D:2      | Reached skill level 1 in Short Blades
  2271 | D:2      | Reached skill level 5 in Spellcasting
  2271 | D:2      | Reached XP level 4. HP: 27/27 MP: 13/16
  2472 | D:2      | Learned a level 3 spell: Mephitic Cloud
  2472 | D:2      | Noticed Crazy Yiuf
  2492 | D:2      | Killed Crazy Yiuf
  2712 | D:2      | Reached skill level 1 in Summonings
  2917 | D:3      | Noticed ghwc's ghost (average MiFi)
  2934 | D:4      | Reached skill level 1 in Fighting
  2934 | D:4      | Reached XP level 5. HP: 31/33 MP: 18/18
  2960 | D:4      | Found Oninwoc's Book Emporium.
  3078 | D:4      | Learned a level 3 spell: Conjure Flame
  3162 | D:4      | Noticed a phantom
  3201 | D:4      | Killed a phantom
  3292 | D:4      | Found Phara's Assorted Antiques.
  3295 | D:4      | Found a staircase to the Ecumenical Temple.
  3333 | Temple   | Entered the Ecumenical Temple
  3430 | Temple   | Became a worshipper of Vehumet
  3479 | D:4      | Reached skill level 1 in Staves
  3479 | D:4      | Reached XP level 6. HP: 38/38 MP: 16/20
  3512 | D:4      | Reached skill level 1 in Shields
  3717 | D:4      | Learned a level 3 spell: Inner Flame
  3796 | D:4      | Found Arogaamn's Antique Armour Emporium.
  3801 | D:4      | Bought an embroidered hat for 84 gold pieces
  4102 | D:4      | Found Thropt's Assorted Antiques.
  4132 | D:4      | Found Bofuq's Antique Weapon Shoppe.
  4252 | D:4      | Noticed a phantom
  4257 | D:4      | Killed a phantom
  4442 | D:5      | Entered Level 5 of the Dungeon
  4723 | D:5      | Reached skill level 6 in Spellcasting
  4723 | D:5      | Reached XP level 7. HP: 35/43 MP: 21/23
  4915 | D:5      | Acquired Vehumet's first power
  4915 | D:5      | Offered knowledge of Sting by Vehumet.
  4928 | D:5      | Learned a level 1 spell: Sting
  5456 | D:6      | Found a blossoming altar of Fedhas.
  5726 | D:6      | Reached skill level 1 in Evocations
  5796 | D:6      | Reached XP level 8. HP: 12/51 MP: 12/24
  6644 | D:7      | Noticed Sigmund
  6655 | D:7      | Offered knowledge of Throw Frost by Vehumet.
  6682 | D:7      | Killed Sigmund
  6692 | D:7      | Killed from afar by an orc priest

Action                   |  1- 3 |  4- 6 |  7- 9 || total
-------------------------+-------+-------+-------++-------
Melee: Dagger            |    41 |     1 |       ||    42
       Quarterstaff      |       |   100 |   110 ||   210
Throw: Javelin           |       |     3 |     5 ||     8
 Cast: Magic Dart        |    54 |    21 |     3 ||    78
       Call Imp          |    15 |     6 |     1 ||    22
       Mephitic Cloud    |       |     7 |     6 ||    13
       Blink             |       |     8 |     5 ||    13
       Conjure Flame     |       |     5 |     4 ||     9
       Sting             |       |       |     4 ||     4
       Inner Flame       |       |       |     4 ||     4
Evoke: Wand              |     1 |       |     2 ||     3
  Use: Scroll            |       |     9 |     3 ||    12
 Stab: Sleeping          |     1 |     3 |     2 ||     6
       Distracted        |       |     1 |     2 ||     3
       Paralysed         |       |     2 |       ||     2
       Confused          |       |     2 |       ||     2
       Petrified         |       |       |     1 ||     1
  Eat: Chunk             |     4 |     8 |     4 ||    16
       Pizza             |       |       |     1 ||     1
